TOP OF THE 1ST |
Nashua Redlegs batting - Pitching for El Paso Texans : RHP Derek Baker
|
Pitching: RHP Derek Baker
|
|
Batting: RHB Spencer Pritchett
|
0-0: Ball 1-0: SINGLE (Groundball, 56) (infield hit)
|
Batting: RHB 聲ibal Barrios
|
0-0: Ball 1-0: Swinging Strike 1-1: SINGLE (Line Drive, 7S) Spencer Pritchett to second
|
Batting: RHB Katsuhito Ohayashi
|
0-0: Ball 1-0: Grounds into double play, 6-4-3 (Groundball, 6) Spencer Pritchett to third
|
Batting: RHB Danny Boykins
|
0-0: Ball 1-0: Called Strike 1-1: Ball 2-1: Ball 3-1: Foul Ball, location: 2F 3-2: Strikes out looking
|
Top of the 1st over - 0 runs, 2 hits, 0 errors, 1 left on base; Nashua 0 - El Paso 0 |
BOTTOM OF THE 1ST |
El Paso Texans batting - Pitching for Nashua Redlegs : LHP Keith Burns
|
Pitching: LHP Keith Burns
|
|
Batting: LHB Mark Spencer
|
0-0: Ball 1-0: Ball 2-0: Ball 3-0: Called Strike 3-1: Ground out U3 (Groundball, 3)
|
Batting: RHB Cole Boehmer
|
0-0: Ball 1-0: Ball 2-0: Ball 3-0: Swinging Strike 3-1: Foul Ball, location: 2F 3-2: Base on Balls
|
Batting: SHB Richie Gallegos
|
0-0: Called Strike 0-1: Foul Ball, location: 2F 0-2: Foul Ball, location: 2F 0-2: Ball 1-2: Grounds into double play, 5-4-3 (Groundball, 56)
|
Bottom of the 1st over - 0 runs, 0 hits, 0 errors, 0 left on base; Nashua 0 - El Paso 0 |
TOP OF THE 2ND |
Nashua Redlegs batting - Pitching for El Paso Texans : RHP Derek Baker
|
Batting: RHB Jorge Valenzuela
|
0-0: Called Strike 0-1: SINGLE (Line Drive, 4D)
|
Batting: LHB Joh緌 Pereirinha
|
0-0: Ball 1-0: Ball 2-0: Called Strike 2-1: Fly out, F8 (Flyball, 8LS)
|
Batting: RHB Clancy Castro
|
0-0: Called Strike 0-1: Fly out, F9 (Flyball, 9)
|
Batting: LHB Peter Rodgers
|
0-0: Called Strike 0-1: Called Strike 0-2: Strikes out swinging
|
Top of the 2nd over - 0 runs, 1 hit, 0 errors, 1 left on base; Nashua 0 - El Paso 0 |
BOTTOM OF THE 2ND |
El Paso Texans batting - Pitching for Nashua Redlegs : LHP Keith Burns
|
Batting: LHB Cipriano Rangel
|
0-0: Ball 1-0: Ball 2-0: Called Strike 2-1: Called Strike 2-2: Foul Ball, location: 2F 2-2: Ball 3-2: Foul Ball, location: 2F 3-2: Strikes out swinging
|
Batting: RHB Jim MacAchounich
|
0-0: Ball 1-0: Ball 2-0: Foul Ball, location: 2F 2-1: Swinging Strike 2-2: Strikes out swinging
|
Batting: SHB Oliver Riley
|
0-0: Ball 1-0: SINGLE (Line Drive, 7LS)
|
Batting: LHB John Fitzgerald
|
0-0: Ball 1-0: Foul Ball, location: 2F 1-1: Foul Ball, location: 2F 1-2: Foul Ball, location: 2F 1-2: Ball 2-2: SINGLE (Groundball, 3D) Oliver Riley to second Runner from 2nd tries for 3rd, SAFE, no throw
|
Batting: LHB Dave Tucker
|
0-0: Called Strike 0-1: Ball 1-1: Called Strike 1-2: Foul Ball, location: 2F 1-2: DOUBLE (Line Drive, 9D) Oliver Riley scores John Fitzgerald to third Runner from 3rd tries for Home, SAFE, no throw
|
Batting: SHB Jim Flynn
|
0-0: Called Strike 0-1: Ball 1-1: Ball 2-1: Ball 3-1: Base on Balls
|
Batting: LHB Mark Spencer
|
0-0: Foul Ball, location: 2F 0-1: Ball 1-1: Foul Ball, location: 2F 1-2: Strikes out swinging
|
Bottom of the 2nd over - 2 runs, 3 hits, 0 errors, 2 left on base; Nashua 0 - El Paso 2 |
TOP OF THE 3RD |
Nashua Redlegs batting - Pitching for El Paso Texans : RHP Derek Baker
|
Batting: SHB Hunter Bond
|
0-0: Called Strike 0-1: Called Strike 0-2: Foul Ball, location: 2F 0-2: Ball 1-2: Strikes out swinging
|
Batting: RHB Spencer Pritchett
|
0-0: Ground out 3-1 (Groundball, 34)
|
Batting: RHB 聲ibal Barrios
|
0-0: Ball 1-0: Called Strike 1-1: Ball 2-1: Ball 3-1: DOUBLE (Line Drive, 7LM)
|
Batting: RHB Katsuhito Ohayashi
|
0-0: Ball 1-0: Ball 2-0: Called Strike 2-1: Swinging Strike 2-2: Strikes out swinging
|
Top of the 3rd over - 0 runs, 1 hit, 0 errors, 1 left on base; Nashua 0 - El Paso 2 |
BOTTOM OF THE 3RD |
El Paso Texans batting - Pitching for Nashua Redlegs : LHP Keith Burns
|
Batting: RHB Cole Boehmer
|
0-0: Ball 1-0: Ball 2-0: Called Strike 2-1: Ball 3-1: Ground out 6-3 (Groundball, 6)
|
Batting: SHB Richie Gallegos
|
0-0: Called Strike 0-1: Swinging Strike 0-2: Ball 1-2: Ball 2-2: Ground out 1-3 (Groundball, 15)
|
Batting: LHB Cipriano Rangel
|
0-0: Called Strike 0-1: Ball 1-1: Called Strike 1-2: Ground out U3 (Groundball, 3)
|
Bottom of the 3rd over - 0 runs, 0 hits, 0 errors, 0 left on base; Nashua 0 - El Paso 2 |
TOP OF THE 4TH |
Nashua Redlegs batting - Pitching for El Paso Texans : RHP Derek Baker
|
Batting: RHB Danny Boykins
|
0-0: SINGLE (Line Drive, 34)
|
Batting: RHB Jorge Valenzuela
|
0-0: Called Strike 0-1: Foul Ball, location: 2F 0-2: Foul Ball, location: 2F 0-2: Grounds into double play, 6-4-3 (Groundball, 6)
|
Batting: LHB Joh緌 Pereirinha
|
0-0: Called Strike 0-1: Ball 1-1: Ground out 4-3 (Groundball, 4)
|
Top of the 4th over - 0 runs, 1 hit, 0 errors, 0 left on base; Nashua 0 - El Paso 2 |
BOTTOM OF THE 4TH |
El Paso Texans batting - Pitching for Nashua Redlegs : LHP Keith Burns
|
Batting: RHB Jim MacAchounich
|
0-0: Ball 1-0: Foul Ball, location: 2F 1-1: Ball 2-1: Foul Ball, location: 2F 2-2: Ball 3-2: Base on Balls
|
Batting: SHB Oliver Riley
|
0-0: Swinging Strike 0-1: Ball 1-1: Called Strike 1-2: Strikes out swinging
|
Batting: LHB John Fitzgerald
|
0-0: Ball 1-0: Ball 2-0: Foul Ball, location: 2F 2-1: Foul Ball, location: 2F 2-2: Foul Ball, location: 2F 2-2: Ball 3-2: Ground out U3 (Groundball, 3L) Jim MacAchounich to second
|
Batting: LHB Dave Tucker
|
0-0: Swinging Strike 0-1: Foul Ball, location: 2F 0-2: Foul Ball, location: 2F 0-2: DOUBLE (Flyball, 7D) Jim MacAchounich scores
|
Batting: SHB Jim Flynn
|
0-0: Ball 1-0: Ball 2-0: Ball 3-0: Base on Balls
|
Batting: LHB Mark Spencer
|
0-0: Ball 1-0: Ball 2-0: Foul Ball, location: 2F 2-1: Ball 3-1: Foul Ball, location: 2F 3-2: Foul Ball, location: 2F 3-2: Base on Balls Dave Tucker to third Jim Flynn to second
|
Batting: RHB Cole Boehmer
|
0-0: Swinging Strike 0-1: Ball 1-1: Swinging Strike 1-2: Fly out, F9 (Flyball, 9LSF)
|
Bottom of the 4th over - 1 run, 1 hit, 0 errors, 3 left on base; Nashua 0 - El Paso 3 |
TOP OF THE 5TH |
Nashua Redlegs batting - Pitching for El Paso Texans : RHP Derek Baker
|
Batting: RHB Clancy Castro
|
0-0: SINGLE (Line Drive, 7S)
|
Batting: LHB Peter Rodgers
|
0-0: Fielders Choice at 2nd, 5-4 (Groundball, 5)
|
Batting: SHB Hunter Bond
|
0-0: Ball 1-0: Ball Throwing error on steal attempt, E2 Peter Rodgers to third 2-0: Called Strike 2-1: Foul Ball, location: 2F 2-2: Foul Ball, location: 2F 2-2: Fly out, F3 (Popup, 3F)
|
Batting: RHB Spencer Pritchett
|
0-0: Fly out, F8 (Flyball, 8RD)
|
Top of the 5th over - 0 runs, 1 hit, 1 error, 1 left on base; Nashua 0 - El Paso 3 |
BOTTOM OF THE 5TH |
El Paso Texans batting - Pitching for Nashua Redlegs : LHP Keith Burns
|
Pitching: RHP Vaughan Price
|
|
Batting: SHB Richie Gallegos
|
0-0: Ball 1-0: Foul Ball, location: 2F 1-1: Ball 2-1: Ball 3-1: Base on Balls
|
Batting: LHB Cipriano Rangel
|
0-0: Called Strike 0-1: Ball 1-1: Foul Ball, location: 2F 1-2: Strikes out swinging
|
Batting: RHB Jim MacAchounich
|
0-0: Ball 1-0: Ball 2-0: Called Strike 2-1: Ball 3-1: Called Strike 3-2: 2-RUN HOME RUN (Flyball, 9LD), Distance : 351 ft
|
Batting: SHB Oliver Riley
|
0-0: Called Strike 0-1: Ball 1-1: Ball 2-1: DOUBLE (Line Drive, 9LM)
|
Batting: LHB John Fitzgerald
|
0-0: Ball 1-0: Ball Oliver Riley steals 3rd base 2-0: SINGLE (Groundball, 4MD) Oliver Riley scores
|
Batting: LHB Dave Tucker
|
0-0: Ball 1-0: Called Strike 1-1: Ball 2-1: Ground out 3-1 (Groundball, 23) John Fitzgerald to second
|
Batting: SHB Jim Flynn
|
0-0: Called Strike 0-1: Ball 1-1: Ball 2-1: Ball 3-1: Foul Ball, location: 2F 3-2: Ground out 4-3 (Groundball, 4)
|
Bottom of the 5th over - 3 runs, 3 hits, 0 errors, 1 left on base; Nashua 0 - El Paso 6 |
TOP OF THE 6TH |
Nashua Redlegs batting - Pitching for El Paso Texans : RHP Derek Baker
|
Batting: RHB 聲ibal Barrios
|
0-0: Ball 1-0: Ball 2-0: Foul Ball, location: 2F 2-1: Called Strike 2-2: Ball 3-2: Base on Balls
|
Batting: RHB Katsuhito Ohayashi
|
0-0: Ball 1-0: Fly out, F8 (Flyball, 8LXD)
|
Batting: RHB Danny Boykins
|
0-0: Called Strike 0-1: Grounds into double play, 6-4-3 (Groundball, 6)
|
Top of the 6th over - 0 runs, 0 hits, 0 errors, 0 left on base; Nashua 0 - El Paso 6 |
BOTTOM OF THE 6TH |
El Paso Texans batting - Pitching for Nashua Redlegs : RHP Vaughan Price
|
Batting: LHB Mark Spencer
|
0-0: Called Strike 0-1: Called Strike 0-2: Ball 1-2: Fly out, F3 (Line Drive, 3)
|
Batting: RHB Cole Boehmer
|
0-0: Ball 1-0: Ball 2-0: Foul Ball, location: 2F 2-1: Fly out, F8 (Flyball, 8RXD)
|
Batting: SHB Richie Gallegos
|
0-0: Swinging Strike 0-1: Ball 1-1: Ball 2-1: Ball 3-1: Base on Balls
|
Batting: LHB Cipriano Rangel
|
0-0: Fly out, F7 (Flyball, 78D)
|
Bottom of the 6th over - 0 runs, 0 hits, 0 errors, 1 left on base; Nashua 0 - El Paso 6 |
TOP OF THE 7TH |
Nashua Redlegs batting - Pitching for El Paso Texans : RHP Derek Baker
|
Batting: RHB Jorge Valenzuela
|
0-0: Ball 1-0: Ball 2-0: Ball 3-0: Base on Balls
|
Batting: LHB Joh緌 Pereirinha
|
0-0: Foul Ball, location: 2F
|
|
|
|
0-1: Foul Ball, location: 2F 0-2: Ball 1-2: Ground out 5-3 (Groundball, 56S) Jorge Valenzuela to second
|
Pitching: RHP Oscar Martin
|
|
Batting: RHB Clancy Castro
|
0-0: Ball 1-0: Ball 2-0: Ball 3-0: Base on Balls
|
Batting: LHB Peter Rodgers
|
0-0: Swinging Strike 0-1: Ball 1-1: Ball 2-1: Ball 3-1: Called Strike 3-2: Foul Ball, location: 2F 3-2: Base on Balls Jorge Valenzuela to third Clancy Castro to second
|
Batting: SHB Hunter Bond
|
0-0: Ball 1-0: Ball 2-0: Foul Ball, location: 2F 2-1: Foul Ball, location: 2F 2-2: Ball 3-2: Foul Ball, location: 2F 3-2: Foul Ball, location: 2F 3-2: Foul Ball, location: 2F 3-2: Foul Ball, location: 2F 3-2: Strikes out looking
|
Batting: RHB Spencer Pritchett
|
0-0: Ball 1-0: Ball 2-0: Foul Ball, location: 2F 2-1: Swinging Strike 2-2: Reached on error, E3 (Groundball, 34S) Jorge Valenzuela scores Clancy Castro to third Peter Rodgers to second
|
Batting: RHB 聲ibal Barrios
|
0-0: Ball Wild Pitch! Clancy Castro scores Peter Rodgers to third Spencer Pritchett to second 1-0: Ball 2-0: Called Strike 2-1: Foul Ball, location: 2F 2-2: Ball 3-2: Ground out 6-3 (Groundball, 6M)
|
Top of the 7th over - 2 runs, 0 hits, 1 error, 2 left on base; Nashua 2 - El Paso 6 |
BOTTOM OF THE 7TH |
El Paso Texans batting - Pitching for Nashua Redlegs : RHP Vaughan Price
|
Pitching: LHP Shannon Thomas
|
|
Batting: RHB Jim MacAchounich
|
0-0: Ball 1-0: Called Strike 1-1: Called Strike 1-2: Ball 2-2: Foul Ball, location: 2F 2-2: Strikes out looking
|
Batting: SHB Oliver Riley
|
0-0: Called Strike 0-1: Ball 1-1: Called Strike 1-2: SOLO HOME RUN (Flyball, 89XD), Distance : 401 ft
|
Batting: LHB John Fitzgerald
|
0-0: Ball 1-0: Foul Ball, location: 2F 1-1: Fly out, F7 (Flyball, 7D)
|
Batting: LHB Dave Tucker
|
0-0: Ball 1-0: Ball 2-0: Ball 3-0: Base on Balls
|
Batting: SHB Jim Flynn
|
0-0: Ball 1-0: Fielders Choice at 2nd, 6-4 (Groundball, 6)
|
Bottom of the 7th over - 1 run, 1 hit, 0 errors, 1 left on base; Nashua 2 - El Paso 7 |
TOP OF THE 8TH |
Nashua Redlegs batting - Pitching for El Paso Texans : RHP Oscar Martin
|
Batting: RHB Katsuhito Ohayashi
|
0-0: Foul Ball, location: 2F 0-1: Swinging Strike 0-2: Foul Ball, location: 2F 0-2: Ball 1-2: Ball 2-2: Foul Ball, location: 2F 2-2: Foul Ball, location: 2F 2-2: Strikes out swinging
|
Batting: RHB Danny Boykins
|
0-0: Called Strike 0-1: Ball 1-1: Foul Ball, location: 2F 1-2: Strikes out swinging
|
Batting: RHB Jorge Valenzuela
|
0-0: Called Strike 0-1: Foul Ball, location: 2F 0-2: Ball 1-2: DOUBLE (Groundball, 5L)
|
Batting: LHB Joh緌 Pereirinha
|
0-0: Called Strike 0-1: Ball 1-1: Called Strike 1-2: SINGLE (Line Drive, 9S) Jorge Valenzuela to third Runner from 3rd tries for Home, SAFE, no throw
|
Pitching: RHP Mark Thompson
|
|
Batting: RHB Clancy Castro
|
0-0: Ball 1-0: Ground out 5-3 (Groundball, 56S)
|
Top of the 8th over - 1 run, 2 hits, 0 errors, 1 left on base; Nashua 3 - El Paso 7 |
BOTTOM OF THE 8TH |
El Paso Texans batting - Pitching for Nashua Redlegs : LHP Shannon Thomas
|
Batting: LHB Mark Spencer
|
0-0: Called Strike 0-1: Swinging Strike 0-2: SINGLE (Groundball, 34D)
|
Batting: RHB Cole Boehmer
|
0-0: Called Strike 0-1: Ball 1-1: Grounds into double play, 5-4-3 (Groundball, 5)
|
Batting: SHB Richie Gallegos
|
0-0: Ball 1-0: Ball 2-0: Called Strike 2-1: Fly out, F8 (Flyball, 8RD)
|
Bottom of the 8th over - 0 runs, 1 hit, 0 errors, 0 left on base; Nashua 3 - El Paso 7 |
TOP OF THE 9TH |
Nashua Redlegs batting - Pitching for El Paso Texans : RHP Mark Thompson
|
Batting: LHB Peter Rodgers
|
0-0: Ball 1-0: Ball 2-0: Ball 3-0: Base on Balls
|
Batting: SHB Hunter Bond
|
0-0: Foul Ball, location: 2F 0-1: Swinging Strike 0-2: Strikes out swinging
|
Batting: RHB Spencer Pritchett
|
0-0: Ball 1-0: Foul Ball, location: 2F 1-1: Foul Ball, location: 2F 1-2: Ball 2-2: Ball 3-2: Strikes out swinging Peter Rodgers steals 2nd base Batter strikes out.
|
Batting: RHB 聲ibal Barrios
|
0-0: Ball 1-0: Ground out 6-3 (Groundball, 6M)
|
Top of the 9th over - 0 runs, 0 hits, 0 errors, 1 left on base; Nashua 3 - El Paso 7 |
|
Saturday, April 7th, 2018 - OOTP Baseball 18.8 Build 76
|
|